 Dungeon Crawl Stone Soup version 0.25.0-26-g0c896c7088 (webtiles) character file.

Game seed: 1299110479930220444

95 MisterFreud the Insei (level 4, -4/35 HPs)
             Began as a Demonspawn Abyssal Knight on July 5, 2020.
             Was a Believer of Lugonu.
             Slain by an orc
             ... wielding a +0 morningstar
              (5 damage)
             ... on level 3 of the Dungeon.
             The game lasted 00:03:07 (2657 turns).

MisterFreud the Insei (Demonspawn Abyssal Knight)   Turns: 2657, Time: 00:03:07

Health: -4/35      AC:  4    Str: 12    XL:     4   Next: 39%
Magic:  5/5        EV: 11    Int: 14    God:    Lugonu [**....]
Gold:   134        SH:  4    Dex: 13    Spells: 3/3 levels left

rFire    . . .     SeeInvis +     - Unarmed
rCold    . . .     Gourm    .   k - +0 buckler
rNeg     . . .     Faith    +   a - +0 leather armour
rPois    .         Spirit   .   c - +0 helmet
rElec    .         Reflect  .   (no cloak)
rCorr    .         Harm     .   (no gloves)
MR       .....                  (no boots)
Stlth    +.........             h - amulet of faith
HPRegen  0.11/turn              (no ring)
MPRegen  0.09/turn              n - ring of see invisible

@: no status effects
A: claws 1, rot immunity
a: Depart the Abyss, Bend Space, Renounce Religion


You were on level 3 of the Dungeon.
You worshipped Lugonu.
Lugonu was pleased with you.
You were near starving.

You visited 1 branch of the dungeon, and saw 3 of its levels.
You visited the Abyss 1 time.

You collected 134 gold pieces.

Inventory:

Missiles
 p - 4 boomerangs (quivered)
Armour
 a - a +0 leather armour (worn)
 c - a +0 helmet (worn)
 k - a +0 buckler (worn)
Jewellery
 g - an uncursed ring of ice
 h - an amulet of faith (around neck)
 m - an uncursed amulet of regeneration {unknown}
 n - a ring of see invisible (right claw)
Scrolls
 d - 8 scrolls of identify {unknown}
 e - 3 scrolls of amnesia {unknown}
 f - a scroll of remove curse {unknown}
 l - a scroll of fear {unknown}
Potions
 i - a potion of heal wounds {unknown}
 j - a potion of might {unknown}
 o - a potion of brilliance {unknown}
 q - a potion of resistance {unknown}
Comestibles
 b - 3 rations


   Skills:
 - Level 3.0 Fighting
 - Level 1.7 Armour
 - Level 0.8 Dodging
 + Level 2.0 Shields
 + Level 3.6 Unarmed Combat
 - Level 2.4 Invocations


You had 3 spell levels left.
You didn't know any spells.
Your spell library was empty.

Dungeon Overview and Level Annotations

Branches:
Dungeon (3/15)

Altars:
Elyvilon


Innate Abilities, Weirdness & Mutations

You have sharp fingernails.
You are immune to rotting.


Message History

The orc is moderately wounded.
The orc misses you.
You closely miss the orc.
The orc is moderately wounded.
You scratch the orc but do no damage.
The orc is moderately wounded.
The orc hits you but does no damage.
You scratch the orc but do no damage.
The orc is moderately wounded.
The orc hits you with a +0 morningstar.
You scratch the orc but do no damage.
The orc is moderately wounded.
The orc hits you with a +0 morningstar!
* * * LOW HITPOINT WARNING * * *
You closely miss the orc.
The orc is moderately wounded.
You closely miss the orc.
The orc is moderately wounded.
The orc hits you with a +0 morningstar.
You die...

.......# #...#.#
.......# #...#..
........ #...# ..
........ #...# .#
........ #...###.#.
#####...####.......>#
###.......#######.#
#.......<.<.....#
#?.......@o##
######......#
#=..........#
.............#
..........##.#
......(......#
..........####
.$....##### ......


You could see an orc.

Vanquished Creatures
  4 adders
  3 worms
  A dart slug (D:2)
  2 leopard geckos
  An orc (D:3)
  5 bats
  4 goblins
  9 hobgoblins
  9 kobolds
  2 frilled lizards
  5 rats
45 creatures vanquished.

Notes
Turn   | Place    | Note
-------+----------+-------------------------------------------
     0 | Abyss:1  | MisterFreud the Demonspawn Abyssal Knight began the quest
                  | for the Orb.
     0 | Abyss:1  | Reached XP level 1. HP: 18/18 MP: 2/2
    33 | D:1      | Escaped the Abyss
    41 | D:1      | Noticed a wyvern
    41 | D:1      | Noticed a black bear
    41 | D:1      | Noticed an anaconda
    41 | D:1      | Noticed an iguana
   313 | D:1      | Gained mutation: You have sharp fingernails. [demonic
                  | ancestry]
   313 | D:1      | Reached XP level 2. HP: 22/24 MP: 3/3
  1023 | D:2      | Reached ** piety under Lugonu
  1110 | D:2      | Reached XP level 3. HP: 27/29 MP: 4/4
  1115 | D:2      | Reached skill level 1 in Shields
  1184 | D:2      | Found a white marble altar of Elyvilon.
  1706 | D:2      | Gained mutation: You are immune to rotting. [demonic
                  | ancestry]
  1706 | D:2      | Reached XP level 4. HP: 31/35 MP: 5/5
  2655 | D:3      | HP: 1/35 [orc/+0 morningstar (14)]
  2657 | D:3      | Slain by an orc

Illustrated notes

Levels and vault maps discovered:
D:1:      onia_arrival_zoo_common, layout_basic, minmay_misc_feat_plants
D:2:      minmay_alternating_diamond, layout_rooms, lemuel_altar_in_water
D:3:      layout_basic, chequers_ecumenical_altar_simple

Skill      XL: |  1  2  3  4 |
---------------+-------------+-----
Unarmed Combat | 2 3 |  3.6
Shields        | 1 2 |  2.0
Fighting       | |  3.0
Armour         | |  1.7
Dodging        | |  0.8
Invocations    | |  2.4

Action                   |  1- 3 |  4- 6 || total
-------------------------+-------+-------++-------
Melee: Unarmed           |   128 |    71 ||   199
       Punch             |     2 |       ||     2
  Eat: Chunk             |     3 |     1 ||     4
Armor: Leather armour    |    35 |    11 ||    46
Dodge: Dodged            |    69 |    29 ||    98
Block: Buckler           |    12 |     9 ||    21
